 Dungeon Crawl Stone Soup version 0.31.0-11-ge490571c62 (webtiles) character file.

Game seed: 740082894996155120

7681 Arctor the Thaumaturge (level 11, -4/54 HPs)
             Began as a Deep Elf Fire Elementalist on Jan 31, 2024.
             Was a Believer of Vehumet.
             Slain by a komodo dragon (30 damage)
             ... on level 11 of the Dungeon.
             The game lasted 00:19:16 (8973 turns).

Arctor the Thaumaturge (Deep Elf Fire Elementalist) Turns: 8973, Time: 00:19:18

Health: -4/54      AC:  9    Str:  5    XL:     11   Next: 0%
Magic:  21/36      EV: 16    Int: 25    God:    Vehumet [**....]
Gold:   411        SH:  0    Dex: 15    Spells: 16/30 levels left

rFire   + . .        b - staff of conjuration
rCold   + . .        (no shield)
rNeg    . . .        d - +1 robe {rC+ rF+}
rPois   .            o - +0 helmet
rElec   .            j - +1 cloak
rCorr   .            C - +2 pair of gloves
SInv    .            (no boots)
Will    +....        m - amulet of regeneration
Stlth   ++++         h - ring of magical power
HPRegen 1.09/turn    G - ring of wizardry
MPRegen 0.25/turn

%: wizardry (x1)
@: no status effects
A: no striking features
a: Renounce Religion


You were on level 11 of the Dungeon.
You worshipped Vehumet.
Vehumet was pleased with you.
You visited 2 branches of the dungeon, and saw 11 of its levels.

You collected 411 gold pieces.

Inventory:

Hand Weapons
 a - a +4 dagger of venom
 c - a +0 short sword of electrocution
 s - a +1 great mace of protection
 t - a +2 dagger of speed
 L - a +0 arbalest
Armour
 d - a +1 robe of resistance (worn)
 j - a +1 cloak (worn)
 o - a +0 helmet (worn)
 C - a +2 pair of gloves (worn)
 K - a +2 robe of willpower
Magical Staves
 b - a staff of conjuration (weapon)
 I - a staff of death
 J - a staff of earth
Jewellery
 e - a ring of positive energy
 h - a ring of magical power (left hand)
 m - an amulet of regeneration (around neck)
 q - a +6 ring of strength
 r - a ring of ice
 u - an amulet of guardian spirit
 B - a ring of poison resistance
 G - a ring of wizardry (right hand)
 H - a ring of see invisible
Wands
 v - a wand of flame (42)
 w - a wand of polymorph (8)
 D - a wand of charming (19)
Scrolls
 f - 3 scrolls of immolation
 l - 2 scrolls of fog
 p - 3 scrolls of vulnerability
 x - 2 scrolls of brand weapon
 A - 2 scrolls of noise
 E - a scroll of teleportation
 F - 2 scrolls of identify
Potions
 g - 3 potions of curing
 i - 4 potions of mutation {unknown}
 k - a potion of cancellation {unknown}
 n - a potion of invisibility {unknown}
 y - a potion of magic
 z - a potion of haste {unknown}


   Skills:
 + Level 5.8 Staves
 + Level 8.9 Dodging
 + Level 9.7 Stealth
 + Level 10.0 Spellcasting
 + Level 7.7 Conjurations
 + Level 8.4 Fire Magic


You had 16 spell levels left.
You knew the following spells:

 Your Spells              Type           Power      Damage    Failure   Level
a - Foxfire               Conj/Fire      100%       2x1d9     1%          1
b - Scorch                Fire           100%       2d9       1%          2
c - Volatile Blastmotes   Fire/Tloc      66%        2d15      1%          3
d - Flame Wave            Conj/Fire      68%        2d15      1%          4
e - Sticky Flame          Fire/Alch      33%        2d7       3%          4

Your spell library contained the following spells:

 Spells                   Type           Power      Damage    Failure   Level
 Sandblast                Erth           24%        2d8       1%          1
 Necrotise                Necr           48%        1d6       1%          1
 Shock                    Conj/Air       100%       1d9       1%          1
 Slow                     Hex            48%        N/A       1%          1
 Inner Flame              Hex/Fire       33%        N/A       1%          3
 Mephitic Cloud           Conj/Alch/Air  38%        N/A       1%          3
 Mercury Vapours          Alch/Air       24%        N/A       3%          2
 Confusing Touch          Hex            12%        N/A       6%          3
 Fugue of the Fallen      Necr           12%        N/A       6%          3
 Ozocubu's Armour         Ice            12%        N/A       6%          3
 Sigil of Binding         Hex            12%        N/A       6%          3
 Swiftness                Air            12%        N/A       6%          3
 Vampiric Draining        Necr           12%        2d6       6%          3
 Airstrike                Air            6%         2d(1-17)  19%         4
 Manifold Assault         Tloc           12%        N/A       19%         4
 Martyr's Knell           Necr/Summ      12%        N/A       19%         4
 Freezing Cloud           Conj/Ice/Air   19%        6-21      19%         5
 Curse of Agony           Necr           12%        N/A       45%         5


Dungeon Overview and Level Annotations

Branches:
Dungeon (11/15)            Temple (1/1) D:4
   Lair: D:8-11         Orc: D:9-12

Altars:
Ashenzari
Cheibriados
Dithmenos
Elyvilon
Fedhas
Gozag
Hepliaklqana
Kikubaaqudgha
Makhleb
Nemelex Xobeh
Okawaru
Qazlal
Ru
Sif Muna
Trog
Uskayaw
Vehumet
Wu Jian
Xom
Yredelemnul
Zin
The Shining One

Annotations:
D:4 2 transporters, monsoonserge's ghost, amateur HOFi


Message History

The foxfire hits the wyvern.
The wyvern is severely wounded.
The foxfire hits the wyvern.
The wyvern is severely wounded.
Casting: Foxfire (safe; 1% risk of failure)
Confirm with . or Enter, or press ? or * to list all spells.
Flames lash the komodo dragon.
The komodo dragon is lightly wounded.
The komodo dragon's fire resistance burns away.
The foxfire hits the wyvern.
The wyvern is almost dead.
The foxfire hits the komodo dragon but does no damage.
The komodo dragon is lightly wounded.
The wyvern bites you!
Casting: Scorch (safe; 1% risk of failure)
Confirm with . or Enter, or press ? or * to list all spells.
Flames lash the komodo dragon.
The komodo dragon is lightly wounded.
The wyvern bites you but does no damage. x2
Unknown command.
Casting: Scorch (safe; 1% risk of failure)
Confirm with . or Enter, or press ? or * to list all spells.
Flames lash the wyvern.
You kill the wyvern!
Vehumet accepts your kill. The komodo dragon bites you!!
Your Spellcasting skill increases to level 10!
You have reached level 11!
Casting: Scorch (safe; 1% risk of failure)
Confirm with . or Enter, or press ? or * to list all spells.
Flames lash the komodo dragon.
The komodo dragon is burned terribly!
The komodo dragon is heavily wounded.
The komodo dragon bites you but does no damage.
Casting: Scorch (safe; 1% risk of failure)
Confirm with . or Enter, or press ? or * to list all spells.
Flames lash the komodo dragon.
The komodo dragon is burned terribly!
The komodo dragon is severely wounded.
The komodo dragon bites you!!
Ouch! That really hurt!
You die...

......##..
...#.....#####
.#...........##
#..............
...............
...............
.......l.......
.......@.......
...............
##.............
##............
###..........
###.......#
####....# #..##


You could see a komodo dragon (combustible).

Vanquished Creatures
  Fannar (D:10)
  Pikel (D:6)
  Maurice (D:6)
  3 trolls
  A hornet (D:7)
  Prince Ribbit (D:8)
  13 yaks (D:10)
  3 wyverns
  4 vampire mosquitoes (D:10)
  Menkaure (D:4)
  2 steam dragons
  Duvessa (D:4)
  2 orc warriors
  2 sky beasts
  2 ogres (D:6)
  2 centaurs
  4 lemures
  A kobold brigand (D:6)
  3 bullfrogs
  3 scorpions (D:5)
  Dowan (D:4)
  A killer bee (D:8)
  3 howler monkeys
  4 bombardier beetles
  4 hounds
  A jelly (D:4)
  2 orc priests
  A sleepcap (D:7)
  An iguana (D:5)
  5 orc wizards
  Ijyb (D:4)
  Robin (D:4)
  7 adders
  2 shadow imps
  6 ufetubi
  2 ribbon worms
  3 dart slugs
  16 orcs
  9 endoplasms
  4 giant cockroaches
  17 goblins
  16 hobgoblins
  5 ball pythons
  4 bats
  3 frilled lizards
  14 kobolds
  4 rats
188 creatures vanquished.

Vanquished Creatures (collateral kills)
  2 foxfires (D:4)
2 creatures vanquished.

Vanquished Creatures (others)
  818 foxfires
818 creatures vanquished.

Grand Total: 1008 creatures vanquished

Notes
Turn   | Place    | Note
-------+----------+-------------------------------------------
     0 | D:1      | Arctor the Deep Elf Fire Elementalist began the quest for
                  | the Orb.
     0 | D:1      | Reached XP level 1. HP: 10/10 MP: 6/6
   198 | D:1      | Reached XP level 2. HP: 11/15 MP: 5/8
   538 | D:1      | Reached XP level 3. HP: 12/19 MP: 5/9
   972 | D:2      | Learned a level 2 spell: Scorch
  1288 | D:2      | Learned a level 3 spell: Volatile Blastmotes
  1982 | D:3      | Reached XP level 4. HP: 22/24 MP: 11/11
  2004 | D:3      | Found an opulent altar of Gozag.
  2055 | D:3      | Found an ancient bone altar of Kikubaaqudgha.
  2055 | D:3      | Found a blossoming altar of Fedhas.
  2056 | D:3      | Found a sacrificial altar of Ru.
  2127 | D:3      | Reached skill level 4 in Spellcasting
  2238 | D:3      | Found a bloodstained altar of Trog.
  2239 | D:3      | Found an ornate altar of the Wu Jian Council.
  2366 | D:3      | Reached XP level 5. HP: 28/28 MP: 10/13
  2480 | D:3      | Found a hazy altar of Hepliaklqana.
  2968 | D:4      | Noticed Menkaure
  2974 | D:4      | Killed Menkaure
  2975 | D:4      | Reached XP level 6. HP: 32/32 MP: 14/14
  3093 | D:4      | Noticed Duvessa
  3098 | D:4      | Noticed Dowan
  3099 | D:4      | Killed Duvessa
  3100 | D:4      | Reached skill level 5 in Spellcasting
  3107 | D:4      | Killed Dowan
  3120 | D:4      | Reached XP level 7. HP: 36/36 MP: 1/16
  3283 | D:4      | Noticed Robin
  3288 | D:4      | Killed Robin
  3374 | D:4      | Reached skill level 5 in Stealth
  3539 | D:4      | Found a staircase to the Ecumenical Temple.
  3599 | D:4      | Noticed monsoonserge's ghost (amateur HOFi)
  3647 | D:4      | Found a transporter.
  3653 | D:4      | Found a transporter.
  3664 | D:4      | Reached skill level 5 in Fire Magic
  3665 | D:4      | Noticed Ijyb
  3674 | D:4      | Killed Ijyb
  3874 | D:4      | Learned a level 4 spell: Flame Wave
  4127 | D:5      | Entered Level 5 of the Dungeon
  4166 | Temple   | Entered the Ecumenical Temple
  4178 | Temple   | Became a worshipper of Vehumet
  4244 | D:5      | Reached skill level 5 in Dodging
  4759 | D:5      | Reached skill level 6 in Spellcasting
  4906 | D:5      | Learned a level 4 spell: Sticky Flame
  5272 | D:6      | Reached XP level 8. HP: 39/41 MP: 16/19
  5471 | D:6      | Reached skill level 1 in Staves
  5524 | D:6      | Reached * piety under Vehumet
  5524 | D:6      | Offered knowledge of Sting by Vehumet.
  5945 | D:7      | Reached skill level 5 in Conjurations
  6081 | D:6      | Reached skill level 7 in Spellcasting
  6083 | D:7      | Noticed Maurice
  6176 | D:6      | Something stole an amulet of guardian spirit
  6177 | D:6      | Something stole 66 gold
  6179 | D:6      | Something stole a +1 great mace of protection
  6180 | D:6      | Something stole 163 gold
  6184 | D:6      | Killed Maurice
  6185 | D:6      | Reached XP level 9. HP: 19/45 MP: 18/22
  6276 | D:7      | Noticed Pikel
  6354 | D:6      | Killed Pikel
  6422 | D:7      | Reached skill level 8 in Spellcasting
  7321 | D:8      | Noticed Prince Ribbit
  7333 | D:8      | Killed Prince Ribbit
  7441 | D:8      | Noticed a troll
  7449 | D:8      | Killed a troll
  7453 | D:8      | Offered knowledge of Sandblast by Vehumet.
  7454 | D:8      | Reached XP level 10. HP: 23/50 MP: 9/24
  7623 | D:8      | You fall into a shaft and drop 2 floors!
  7623 | D:10     | Entered Level 10 of the Dungeon
  7641 | D:10     | Reached ** piety under Vehumet
  7643 | D:10     | Reached skill level 9 in Spellcasting
  7764 | D:10     | Noticed Fannar
  7804 | D:10     | Killed Fannar
  7805 | D:10     | Reached skill level 5 in Staves
  8972 | D:11     | Reached skill level 10 in Spellcasting
  8972 | D:11     | Reached XP level 11. HP: 24/54 MP: 25/27
  8973 | D:11     | Slain by a komodo dragon

Illustrated notes

Levels and vault maps discovered:
D:1:      minmay_arrival_diagonal_passages, layout_loops_cross
D:2:      layout_loops_corners
D:3:      layout_rooms, chequers_temple_overflow_statue_of_worship,
          nicolae_overflow_hidden_temple, serial_corexii_hall,
          corexii_hall_statues_u, chequers_hall_statues_corner_a,
          corexii_hall_statues_x, minmay_distorted
D:4:      layout_rooms, minmay_temple_entry_slanted, gammafunk_ghost_arena,
          serial_bayou, serial_bayou_lagoon_a, serial_bayou_lake_a,
          serial_bayou_pond_a, serial_bayou_shore_a, uniq_ijyb, uniq_menkaure,
          uniq_duvessa, uniq_robin
D:5:      layout_loops_cross, st_stairs_3, corexii_checkpoint
D:6:      layout_cave_pools
D:7:      layout_cave_pools, uniq_pikel, uniq_maurice
D:8:      layout_loops_ring, gammafunk_ghost_nasty_kobolds,
          kennysheep_small_circle, uniq_prince_ribbit1
D:10:     layout_basic, uniq_fannar
D:11:     layout_cave_pods, erik_lair_island, kennysheep_okawaru_gauntlet
Temple:   eino_wide_crystal_templ

Skill      XL: |  1  2  3  4  5  6  7  8  9 10 |
---------------+-------------------------------+-----
Stealth        | 3 4 5 7 8 9 |  9.7
Dodging        | 3 4 5 6 7 8 |  8.9
Conjurations   | 2 3 4 5 6 7 |  7.7
Fire Magic     | 4 5 6 7 8 |  8.4
Spellcasting   | 4 5 6 7 8 10 | 10.0
Staves         | 3 4 5 |  5.8

Action                     |  1- 3 |  4- 6 |  7- 9 | 10-12 || total
---------------------------+-------+-------+-------+-------++-------
  Melee: Short sword       |    60 |    16 |       |       ||    76
         Unarmed           |     1 |       |       |       ||     1
         Dagger            |       |    18 |       |       ||    18
         Punch             |       |     1 |       |       ||     1
         Staff             |       |       |    15 |     5 ||    20
   Cast: Foxfire           |    75 |    92 |   272 |    53 ||   492
         Scorch            |       |     2 |    64 |    52 ||   118
         Flame Wave        |       |       |       |     6 ||     6
         Volatile Blastmot |       |       |       |     3 ||     3
         Sticky Flame      |       |       |       |     1 ||     1
    Use: Scroll            |       |       |     6 |     6 ||    12
         Potion            |       |       |     2 |     1 ||     3
   Stab: Sleeping          |     2 |       |       |       ||     2
         Distracted        |     1 |       |       |       ||     1
 Armour: Robe              |    21 |    24 |    76 |    58 ||   179
  Dodge: Dodged            |    35 |    32 |    88 |    46 ||   201
